AoeStats
← Accidenta11y

Arabia

506775563Analyzed
1v1 RM · 18d ago on Sep 15, 2026· 60m 34s· 2 players
Game mode
Random Map
Map size
Tiny (2 player)
Population
200
Speed
Normal
Resources
Standard
Victory
Conquest
Starting age
Dark Age
Ending age
Imperial Age
RankedLock teamsTeams togetherTeam positionsShared explorationLock speedFull tech treeHidden civsTurbo modeCheats
Victory
Defeat
🇨🇦 Vietnamese · Canada
931
+18
🇺🇸 Magyars · United States
968
-18
Accidenta11y
10:54 Feudal Age
12:45 Loom
12:50 Town Watch
18:23 Double-Bit Axe
19:06 Forging
18:51 Fletching
25:18 Castle Age
24:42 Padded Archer Armor
25:57 Crossbowman
26:45 Pikeman
29:30 Wheelbarrow
30:04 Hand Cart
30:09 Bodkin Arrow
32:15 Horse Collar
32:54 Heavy Plow
37:07 Imperial Age
37:51 Scale Barding Armor
39:58 Iron Casting
41:16 Chain Barding Armor
49:15 Chemistry
54:56 Bow Saw
55:47 Arbalester
56:32 Thumb Ring
57:09 Plate Barding Armor
56:35 Bracer
pdubs
6:11 Loom
9:58 Feudal Age
11:42 Double-Bit Axe
19:32 Castle Age
18:31 Horse Collar
19:19 Bloodlines
26:55 Stone Mining
29:39 Fletching
30:53 Bodkin Arrow
32:44 Bow Saw
32:42 Husbandry
33:08 Town Watch
40:54 Imperial Age
39:56 Padded Archer Armor
41:33 Scale Barding Armor
45:37 Wheelbarrow
46:31 Bracer
46:49 Corvinian Army
47:51 Gold Mining
53:31 Ballistics
Connection lost

Rejoining the realm…

Still unreachable

The connection could not be restored.

Session expired

The server has moved on; the page needs a fresh start.